 Dungeon Crawl Stone Soup version 0.29-a0-330-g52719c12eb (webtiles) character file.

Game seed: 6881027666951542524

7 kae the Firebug (level 1, -2/14 HPs)
             Began as a Demigod Fire Elementalist on Apr 18, 2022.
             Slain by an adder (3 damage)
             ... on level 2 of the Dungeon.
             The game lasted 00:00:20 (1056 turns).

kae the Firebug (Demigod Fire Elementalist)         Turns: 1056, Time: 00:00:21

Health: -2/14      AC:  3    Str:  9    XL:     1   Next: 73%
Magic:  0/5        EV: 12    Int: 17    God:
Gold:   46         SH:  0    Dex: 14    Spells: 2/3 levels left

rFire   . . .      SeeInvis .   d - +0 dagger (drain)
rCold   . . .      Faith    .   (no shield)
rNeg    . . .      Spirit   .   a - +1 robe
rPois   .          Reflect  .   (no helmet)
rElec   .          Harm     .   (no cloak)
rCorr   .          Rampage  .   (no gloves)
Will    .....                   (no boots)
Stlth   ++........              (no amulet)
HPRegen 0.04/turn               (no ring)
MPRegen 0.09/turn               (no ring)

@: lethally poisoned (-2 -> -11), very slightly contaminated, slowed, very slow
A: high MP 1, forlorn, divine attributes
a: no special abilities


You were on level 2 of the Dungeon.
You visited 1 branch of the dungeon, and saw 2 of its levels.

You collected 46 gold pieces.

Inventory:

Hand Weapons
 d - a +0 dagger of draining (weapon)
Armour
 a - a +1 robe (worn)
Potions
 b - a potion of magic
 h - 2 potions of ambrosia
 i - a potion of might {unknown}


   Skills:
 - Level 1.7 Dodging
 - Level 1.7 Stealth
 + Level 1.9 Spellcasting
 + Level 1.1 Conjurations
 * Level 3.0 Fire Magic


You had 2 spell levels left.
You knew the following spells:

 Your Spells              Type           Power      Damage    Failure   Level
a - Foxfire               Conj/Fire      32%        2x1d5     9%          1

Your spell library contained the following spells:

 Spells                   Type           Power      Damage    Failure   Level
 Scorch                   Fire           22%        2d6       9%          2
 Conjure Flame            Conj/Fire      8%         6-21      26%         3
 Inner Flame              Hex/Fire       6%         N/A       32%         3
 Flame Wave               Conj/Fire      8%         2d5       63%         4


Dungeon Overview and Level Annotations

Branches:
Dungeon (2/15)

Annotations:
D:2 Jessica


Innate Abilities, Weirdness & Mutations

You have an increased reservoir of magic. (+10% MP)
You shall have no god before yourself.
Your divine heritage dramatically boosts your attributes as you level up.


Message History

The adder hisses angrily.
The foxfire hits the adder.
The adder is heavily wounded.
Casting: Foxfire (safe; 9% risk of failure)
Confirm with . or Enter, or press ? or * to list all spells.
You miscast Foxfire.
You are very lightly contaminated with residual magic.
Nothing appears to happen.
The adder bites you. The adder barely misses you.
Casting: Foxfire (safe; 9% risk of failure)
Confirm with . or Enter, or press ? or * to list all spells.
You conjure some foxfire!
The adder misses you.
Jessica points at you and mumbles some strange words.
You feel yourself slow down.
The foxfire hits the adder.
The adder is severely wounded.
The foxfire hits Jessica.
Jessica is lightly wounded.
The adder barely misses you. The adder bites you but does no damage.
Casting: Foxfire (safe; 9% risk of failure)
Confirm with . or Enter, or press ? or * to list all spells.
You conjure some foxfire!
The adder misses you.
Jessica gestures wildly while chanting.
Jessica blinks!
The adder bites you.
Jessica gestures wildly.
The foxfire hits the adder.
The adder is almost dead.
The foxfire hits Jessica.
Jessica is moderately wounded.
The adder bites you.
You are lethally poisoned!
The adder poisons you! The adder bites you.
You are more poisoned.
The adder poisons you!
Casting: Foxfire (safe; 9% risk of failure)
Confirm with . or Enter, or press ? or * to list all spells.
You conjure some foxfire!
* * * LOW HITPOINT WARNING * * *
You feel very sick. The adder bites you but does no damage.
The adder bites you.
You die...

#... ...#
#..## ....
######..#
.....@.##
#.§v..#
#v@.#
##S.......
#.#######
#.# #+#


You could see an adder (ally target) and Jessica (ally target).

Vanquished Creatures
  A goblin (D:1)
  2 ball pythons (D:1)
  4 kobolds (D:1)
  A rat (D:1)
8 creatures vanquished.

Vanquished Creatures (others)
  45 foxfires
45 creatures vanquished.

Grand Total: 53 creatures vanquished

Notes
Turn   | Place    | Note
-------+----------+-------------------------------------------
     0 | D:1      | kae the Demigod Fire Elementalist began the quest for the
                  | Orb.
     0 | D:1      | Reached XP level 1. HP: 14/14 MP: 5/5
   316 | D:1      | Reached skill level 1 in Conjurations
   728 | D:1      | Reached skill level 3 in Fire Magic
  1048 | D:2      | Noticed Jessica
  1056 | D:2      | Slain by an adder

Illustrated notes

Levels and vault maps discovered:
D:1:      matt_arrival_los_fun, layout_basic
D:2:      layout_loops_corners, basic_altar, dilly_ecumenical_altar_fadedgnrine,
          uniq_jessica, uniq_crazy_yiuf_cottage

Skill      XL: |  1 |
---------------+----+-----
Conjurations   | 1 |  1.1
Fire Magic     | 3 |  3.0
Dodging        | |  1.7
Stealth        | |  1.7
Spellcasting   | |  1.9

Action                   || total
-------------------------++-------
Melee: Dagger            ||     2
 Cast: Foxfire           ||    27
  Use: Scroll            ||     4
Armor: Robe              ||     2
Dodge: Dodged            ||     7

Table legend: (Time is in decaauts)
 A = Elapsed time spent in this place.
 B = Non-inter-level travel time spent in this place.
 C = Inter-level travel time spent in this place.
 D = Time resting spent in this place.
 E = Time spent auto-exploring this place.
 F = Levels seen in this place.
 G = Mean time per level.
                   A        B        C        D        E       F      G
               +--------+--------+--------+--------+--------+-----+--------+
         Total |   1056 |   1043 |     13 |      0 |    953 |   2 |  528.0 |
       Dungeon |   1056 |   1043 |     13 |      0 |    953 |   2 |  528.0 |
               +--------+--------+--------+--------+--------+-----+--------+

Top non-repeatable levels by time:
     D:1: 1043 daAuts
     D:2: 13 daAuts
